 Dungeon Crawl Stone Soup version 0.28.0-43-g3370ac3207 (webtiles) character file.

Game seed: 2308936560001574774

110 protoss039 the Skirmisher (level 5, -1/41 HPs)
             Began as a Djinni Hedge Wizard on Mar 16, 2022.
             Slain by an adder (2 damage)
             ... on level 3 of the Dungeon.
             The game lasted 00:05:38 (3021 turns).

protoss039 the Skirmisher (Djinni Hedge Wizard)     Turns: 3021, Time: 00:05:40

Health: -1/41      AC:  3    Str:  9    XL:     5   Next: 14%
Gold:   82         EV: 12    Int: 17    God:
                   SH:  0    Dex: 13

rFire   + + .      SeeInvis .   h - +0 dagger
rCold   x . .      Faith    .   (no shield)
rNeg    . . .      Spirit   .   b - +0 robe
rPois   ∞          Reflect  .   l - +0 helmet
rElec   .          Harm     .   (no cloak)
rCorr   .          Rampage  .   (no gloves)
Will    .....                   (boots unavailable)
Stlth   ++........              (no amulet)
HPRegen 0.13/turn               (no ring)
MPRegen 0.00/turn               (no ring)

@: flying, very slightly contaminated
A: sickness immunity, fire resistance 2, cold vulnerability 1, float, innate
caster, HP casting, extra vitality 1
a: no special abilities


You were on level 3 of the Dungeon.
You visited 1 branch of the dungeon, and saw 3 of its levels.

You collected 82 gold pieces.

Inventory:

Hand Weapons
 h - a +0 dagger (weapon)
Armour
 b - a +0 robe (worn)
 l - a +0 helmet (worn)
Scrolls
 a - a scroll of fear {unknown}
 c - a scroll of acquirement {unknown}
 i - 4 scrolls of teleportation {unknown}
 j - a scroll of summoning {unknown}
 k - a scroll of enchant armour {unknown}
 m - a scroll of amnesia {unknown}
 n - a scroll of magic mapping {unknown}
Potions
 d - 2 potions of flight {unknown}
 e - 2 potions of attraction {unknown}
 f - a potion of heal wounds {unknown}
 g - 3 potions of curing {unknown}


   Skills:
 * Level 4.0 Fighting
 + Level 0.1 Slings
 - Level 2.2 Dodging
 - Level 2.0 Stealth
 - Level 2.4 Spellcasting


You couldn't memorise any spells.
You knew the following spells:

 Your Spells              Type           Power      Damage    Failure   Level
a - Magic Dart            Conj           40%        1d5       7%          1
b - Blink                 Tloc           20%        N/A       10%         2
c - Call Imp              Summ           10%        N/A       10%         2
d - Slow                  Hex            40%        N/A       7%          1
e - Conjure Flame         Conj/Fire      10%        6-21      21%         3
f - Mephitic Cloud        Conj/Pois/Air  10%        N/A       21%         3
g - Freeze                Ice            40%        1d6       7%          1
h - Scorch                Fire           20%        2d6       10%         2
Your spell library was empty.

Dungeon Overview and Level Annotations

Branches:
Dungeon (3/15)

Altars:
Okawaru


Innate Abilities, Weirdness & Mutations

You are immune to sickness and miasma.
You are immune to poison.
Your flesh is very heat resistant. (rF++)
You are vulnerable to cold. (rC-)
You float through the air rather than walking.
You learn spells naturally, not from books.
Your magical power is your life essence.
You have superior vitality. (+4 MHP)


Message History

The adder bites you.
* * * LOW HITPOINT WARNING * * *
Casting: Magic Dart (safe; 7% risk of failure)
Confirm with . or Enter, or press ? or * to list all spells.
You miscast Scorch.
You are very lightly contaminated with residual magic.
Nothing appears to happen.
* * * LOW HITPOINT WARNING * * *
The adder barely misses you.
Unknown command.
Casting: Scorch (safe; 10% risk of failure)
Confirm with . or Enter, or press ? or * to list all spells.
You miscast Scorch.
Nothing appears to happen.
* * * LOW HITPOINT WARNING * * *
The adder is no longer more vulnerable to fire.
The adder barely misses you.
Casting: Scorch (safe; 10% risk of failure)
Confirm with . or Enter, or press ? or * to list all spells.
You don't have enough health to cast this spell.
Unknown command.
Unknown command.
Casting: Scorch (safe; 10% risk of failure)
Confirm with . or Enter, or press ? or * to list all spells.
Aiming: Magic Dart (safe; 7% risk of failure)
Press: ? - help, Shift-Dir - straight line, f/p - adder
Aim: an adder (almost dead, 100% to hit)
You miscast Magic Dart.
Nothing appears to happen.
* * * LOW HITPOINT WARNING * * *
The adder completely misses you.
Unknown command.
Casting: Magic Dart (safe; 7% risk of failure)
Confirm with . or Enter, or press ? or * to list all spells.
Aiming: Magic Dart (safe; 7% risk of failure)
Press: ? - help, Shift-Dir - straight line, f/p - adder
Aim: an adder (almost dead, 100% to hit)
The magic dart hits the adder but does no damage.
The adder is almost dead.
* * * LOW HITPOINT WARNING * * *
The adder bites you.
You die...

###.#########
#.............
#.............
#.............
#......†..)...
#.............
#....S........
#....@....[...
######.######
#..# ##.##
#..# ##.# #.##
#..# ##.#


You could see an adder.

Vanquished Creatures
  A hound skeleton (D:3)
  5 adders
  9 endoplasms
  4 giant cockroaches
  3 goblins (D:2)
  4 hobgoblins
  4 kobolds (D:1)
  A quokka (D:2)
  6 ball pythons
  3 bats
  4 frilled lizards
  6 rats
50 creatures vanquished.

Notes
Turn   | Place    | Note
-------+----------+-------------------------------------------
     0 | D:1      | protoss039 the Djinni Hedge Wizard began the quest for the
                  | Orb.
     0 | D:1      | Reached XP level 1. HP: 15/15 MP: 0/0
   485 | D:1      | Reached skill level 1 in Fighting
   485 | D:1      | Reached XP level 2. HP: 16/22 MP: 0/0
  1311 | D:1      | Reached XP level 3. HP: 26/28 MP: 0/0
  1311 | D:1      | Learned a level 1 spell: Freeze
  1580 | D:2      | Reached skill level 2 in Fighting
  1855 | D:2      | Found a faded altar of an unknown god.
  1988 | D:2      | Reached XP level 4. HP: 21/34 MP: 0/0
  2120 | D:2      | Found an iron altar of Okawaru.
  2130 | D:2      | Reached skill level 3 in Fighting
  2992 | D:3      | Reached skill level 4 in Fighting
  2992 | D:3      | Reached XP level 5. HP: 14/41 MP: 0/0
  2992 | D:3      | Learned a level 2 spell: Scorch
  3021 | D:3      | Slain by an adder

Illustrated notes

Levels and vault maps discovered:
D:1:      ebering_trefoil_3fold, layout_loops_ring, minmay_distorted
D:2:      layout_basic, shapermc_ecumenical_altar_pompeii, basic_altar,
          minmay_cut_off
D:3:      layout_basic, mainiacjoe_overflow_boulevard, lemuel_tele_altar,
          portal_sewer_entry_f

Skill      XL: |  1  2  3  4 |
---------------+-------------+-----
Fighting       | 1 2 4 |  4.0
Stealth        | 2 |  2.0
Slings         | |  0.1
Dodging        | |  2.2
Spellcasting   | |  2.4

Action                   |  1- 3 |  4- 6 || total
-------------------------+-------+-------++-------
Melee: Dagger            |       |     1 ||     1
 Cast: Magic Dart        |    84 |    58 ||   142
       Blink             |     1 |       ||     1
       Mephitic Cloud    |     1 |       ||     1
       Freeze            |       |     4 ||     4
       Scorch            |       |     2 ||     2
 Stab: Sleeping          |       |     1 ||     1
Armor: Robe              |     6 |    13 ||    19
Dodge: Dodged            |    15 |    29 ||    44
